[Event "Norway Eliteserien 2023-24"]
[Site "Oslo"]
[Date "2024.02.04"]
[Round "4.43"]
[White "Nielsen, Andre"]
[Black "Kulaots, Kaido"]
[Result "0-1"]
[ECO "B12"]
[WhiteElo "2271"]
[BlackElo "2525"]
[Annotator "ChessBase"]
[PlyCount "90"]
[EventDate "2023.10.27"]
[EventType "team-tourn"]
[EventCountry "NOR"]
[SourceTitle "playchess.com"]
[Source "ChessBase"]
[SourceQuality "1"]
[TimeControl "40/5400+30:1800+30"]

1. e4 c6 2. d4 d5 3. e5 Bf5 4. h4 h5 5. Bg5 Qb6 6. Bd3 Qxd4 7. Nf3 Qg4 8. Bxf5 Qxf5 9. c4 e6 10. O-O Nd7 11. cxd5 exd5 12. Re1 Bc5 13. Nc3 Nh6 14. Nd4 Qg4 15. Nb3 Qxd1 16. Raxd1 Bb6 17. Na4 Nf5 18. Nxb6 axb6 19. a3 O-O 20. Nc1 Rfe8 21. Nd3 f6 22. exf6 gxf6 23. Bd2 Nxh4 24. Nf4 Kf7 25. Nxh5 Rxe1+ 26. Rxe1 Rg8 27. Ng3 Ne5 28. Kf1 c5 29. Rd1 d4 30. Bc1 Rg4 31. Rd2 Kg6 32. Rd1 Kf7 33. Rd2 c4 34. Rd1 Nd3 35. b3 Nxc1 36. Rxc1 c3 37. Ke2 Ke6 38. Kd3 Nxg2 39. Ne2 Nf4+ 40. Nxf4+ Rxf4 41. Re1+ Kd5 42. Re8 Rf3+ 43. Ke2 c2 44. Rd8+ Ke5 45. Rc8 Rc3 0-1

[Event "Norway Eliteserien 2023-24"]
[Site "Oslo"]
[Date "2024.02.04"]
[Round "4.44"]
[White "Holm, Kristian Stuvik"]
[Black "Bruaset, Eivind"]
[Result "1-0"]
[ECO "C11"]
[WhiteElo "2492"]
[BlackElo "2239"]
[Annotator "ChessBase"]
[PlyCount "130"]
[EventDate "2023.10.27"]
[EventType "team-tourn"]
[EventCountry "NOR"]
[SourceTitle "playchess.com"]
[Source "ChessBase"]
[SourceQuality "1"]
[TimeControl "40/5400+30:1800+30"]

1. e4 e6 2. d4 d5 3. Nc3 Nf6 4. e5 Nfd7 5. f4 c5 6. Nf3 Nc6 7. Be3 cxd4 8. Nxd4 Qb6 9. a3 Bc5 10. Ncb5 Bxd4 11. Nxd4 O-O 12. Be2 Nxd4 13. Bxd4 Qc7 14. O-O Nc5 15. Rc1 b6 16. b4 Ne4 17. c4 Qe7 18. cxd5 exd5 19. Bb2 Bb7 20. Qd4 Rac8 21. g3 Rfe8 22. Bg4 Rxc1 23. Rxc1 f6 24. exf6 Nxf6 25. Bf3 Rc8 26. Rxc8+ Bxc8 27. Qd2 Kf8 28. Be5 Bb7 29. Kg2 Qe6 30. Qd4 Kf7 31. h3 Qc6 32. g4 Ne4 33. Qb2 Ba6 34. a4 Qxa4 35. Bxe4 dxe4 36. Bxg7 Qc6 37. Qc3 Qxc3 38. Bxc3 e3 39. Kf3 e2 40. f5 Bb5 41. Kf4 Bc6 42. h4 Bb5 43. g5 e1=Q 44. Bxe1 Be2 45. b5 Bxb5 46. h5 Bd3 47. Bf2 Bc2 48. g6+ hxg6 49. hxg6+ Kf6 50. Bd4+ Ke7 51. Kg5 Kf8 52. f6 Bb3 53. Be5 Bc4 54. Bb8 a6 55. Ba7 b5 56. Bc5+ Kg8 57. Bb4 Ba2 58. Kf4 Bb3 59. Ke5 Bc4 60. Kd6 a5 61. Ke7 axb4 62. f7+ Kg7 63. f8=Q+ Kxg6 64. Qf6+ Kh5 65. Qf4 Kg6 1-0

[Event "Norway Eliteserien 2023-24"]
[Site "Oslo"]
[Date "2024.02.02"]
[Round "4.45"]
[White "Alta-B. Skaar"]
[Black "Westrum, Kim Roger Hansen"]
[Result "1/2-1/2"]
[ECO "B72"]
[WhiteElo "2030"]
[BlackElo "2226"]
[Annotator "ChessBase"]
[PlyCount "85"]
[EventDate "2023.10.27"]
[EventType "team-tourn"]
[EventCountry "NOR"]
[SourceTitle "playchess.com"]
[Source "ChessBase"]
[SourceQuality "1"]
[TimeControl "40/5400+30:1800+30"]

1. e4 c5 2. Nf3 Nc6 3. Nc3 g6 4. d4 cxd4 5. Nxd4 Bg7 6. Be3 Nf6 7. Bc4 Qa5 8. O-O O-O 9. Bb3 d6 10. h3 Bd7 11. Qd3 Nxd4 12. Bxd4 Bc6 13. Rfe1 Nd7 14. Bxg7 Kxg7 15. Qd4+ f6 16. Rad1 Qc5 17. Ne2 Qxd4 18. Nxd4 Nc5 19. Bd5 Rfc8 20. b4 Na4 21. Bb3 Bd7 22. f4 Nb2 23. Rd2 Nc4 24. Bxc4 Rxc4 25. e5 Re8 26. exd6 exd6 27. Rxe8 Bxe8 28. a3 Kf7 29. g3 Bd7 30. h4 a6 31. Kf2 Bg4 32. Ke3 Ke7 33. Kd3 d5 34. Rf2 Kd6 35. Rf1 Rc7 36. Re1 Re7 37. Rxe7 Kxe7 38. c3 Kd6 39. Nb3 b6 40. Kd4 Bd1 41. Nd2 Be2 42. Ke3 Bb5 43. Nf3 1/2-1/2

[Event "Norway Eliteserien 2023-24"]
[Site "Oslo"]
[Date "2024.02.02"]
[Round "4.46"]
[White "Vea, Odin Blikra"]
[Black "Alta-V. Hammari"]
[Result "0-1"]
[ECO "B10"]
[WhiteElo "2174"]
[BlackElo "1907"]
[Annotator "ChessBase"]
[PlyCount "62"]
[EventDate "2023.10.27"]
[EventType "team-tourn"]
[EventCountry "NOR"]
[SourceTitle "playchess.com"]
[Source "ChessBase"]
[SourceQuality "1"]
[TimeControl "40/5400+30:1800+30"]

1. e4 c6 2. Nf3 d5 3. exd5 cxd5 4. Ne5 Nc6 5. Bb5 Bd7 6. Nxd7 Qxd7 7. d4 e6 8. O-O a6 9. Be2 Bd6 10. c4 dxc4 11. Be3 b5 12. a4 Rb8 13. b3 cxb3 14. axb5 axb5 15. d5 b2 16. Ra6 exd5 17. Bg4 Qc7 18. Nc3 b1=Q 19. Qxb1 Nf6 20. Nxb5 Bxh2+ 21. Kh1 Qb7 22. Rb6 Qa8 23. Bc5 Rxb6 24. Re1+ Be5 25. Nc7+ Kd8 26. Qxb6 Bxc7 27. Bh3 Qa5 28. Qb1 Qxc5 29. Qb7 Nd7 30. Ra1 Re8 31. Ra8+ Ncb8 0-1

[Event "Norway Eliteserien 2023-24"]
[Site "Oslo"]
[Date "2024.02.02"]
[Round "4.51"]
[White "Asker-T. Hillarp"]
[Black "Kvaloy, Aksel Bu"]
[Result "1/2-1/2"]
[ECO "A07"]
[WhiteElo "2476"]
[BlackElo "2443"]
[Annotator "ChessBase"]
[PlyCount "91"]
[EventDate "2023.10.27"]
[EventType "team-tourn"]
[EventCountry "NOR"]
[SourceTitle "playchess.com"]
[Source "ChessBase"]
[SourceQuality "1"]
[TimeControl "40/5400+30:1800+30"]

1. Nf3 Nf6 2. g3 d5 3. Bg2 c6 4. O-O Bg4 5. h3 Bh5 6. d3 e6 7. Nbd2 Be7 8. e4 O-O 9. Qe2 a5 10. a4 Na6 11. g4 Bg6 12. Ne5 Nd7 13. Nxg6 hxg6 14. f4 dxe4 15. Nxe4 Nac5 16. Nd2 Nb6 17. Nf3 Ncxa4 18. d4 c5 19. Rd1 cxd4 20. Nxd4 Bf6 21. c3 Nc5 22. Be3 Qc8 23. g5 Be7 24. h4 Nd5 25. Bd2 Bd6 26. Rf1 Qb8 27. b4 axb4 28. Rxa8 Qxa8 29. cxb4 Na4 30. Nxe6 Nac3 31. Bxc3 Nxc3 32. Qd3 Re8 33. Qxd6 Rxe6 34. Qc7 Ne2+ 35. Kh2 Qa7 36. Qxb7 Qxb7 37. Bxb7 Rb6 38. Rf2 Rxb7 39. Rxe2 Rxb4 40. Re8+ Kh7 41. Kg3 Rb3+ 42. Kg4 f5+ 43. gxf6 gxf6 44. h5 Rb5 45. hxg6+ Kxg6 46. Ra8 1/2-1/2

[Event "Norway Eliteserien 2023-24"]
[Site "Oslo"]
[Date "2024.02.04"]
[Round "4.52"]
[White "Gjestemoen-VonHirsch, Andre"]
[Black "Ostenstad, Berge"]
[Result "0-1"]
[ECO "A45"]
[WhiteElo "2309"]
[BlackElo "2426"]
[Annotator "ChessBase"]
[PlyCount "90"]
[EventDate "2023.10.27"]
[EventType "team-tourn"]
[EventCountry "NOR"]
[SourceTitle "playchess.com"]
[Source "ChessBase"]
[SourceQuality "1"]
[TimeControl "40/5400+30:1800+30"]

1. d4 Nf6 2. Bf4 g6 3. Nc3 d5 4. e3 Bg7 5. h4 c6 6. Be2 h5 7. Nf3 a5 8. Ne5 Be6 9. f3 Nfd7 10. Nxd7 Nxd7 11. Qd3 a4 12. a3 Qa5 13. O-O-O Rd8 14. g4 b5 15. Na2 Kf8 16. Rdg1 Rc8 17. Rg2 Qa7 18. Nb4 c5 19. dxc5 Rxc5 20. gxh5 Rxh5 21. Rg5 Rxg5 22. hxg5 Qb7 23. e4 dxe4 24. fxe4 Kg8 25. Bf3 Rc8 26. e5 Qb6 27. Nd5 Bxd5 28. Bxd5 e6 29. Be4 Nc5 30. Qe2 b4 31. Be3 bxa3 32. bxa3 Bxe5 33. Bxc5 Qxc5 34. Qd3 Bc3 35. Qd7 Qxg5+ 36. Kb1 Rb8+ 37. Bb7 Qd5 38. Qxd5 exd5 39. Ka2 d4 40. Rb1 Kg7 41. Rb6 f5 42. Rd6 Kh6 43. Rd7 Kg5 44. Rf7 Kf4 45. Re7 g5 0-1

[Event "Norway Eliteserien 2023-24"]
[Site "Oslo"]
[Date "2024.02.02"]
[Round "4.53"]
[White "Sahl, Bjarke"]
[Black "Shehzad, Shazil"]
[Result "1-0"]
[ECO "A48"]
[WhiteElo "2216"]
[BlackElo "2265"]
[Annotator "ChessBase"]
[PlyCount "114"]
[EventDate "2023.10.27"]
[EventType "team-tourn"]
[EventCountry "NOR"]
[SourceTitle "playchess.com"]
[Source "ChessBase"]
[SourceQuality "1"]
[TimeControl "40/5400+30:1800+30"]

1. Nf3 Nf6 2. e3 g6 3. b3 Bg7 4. Bb2 O-O 5. Be2 d6 6. d4 Nbd7 7. O-O Re8 8. Qc1 e5 9. c4 e4 10. Nfd2 h5 11. Nc3 Nf8 12. Qc2 Bf5 13. Nd5 c6 14. Nxf6+ Qxf6 15. b4 Bg4 16. Bxg4 hxg4 17. a4 d5 18. Rfc1 Ne6 19. b5 Qg5 20. a5 g3 21. hxg3 a6 22. bxc6 bxc6 23. Bc3 Bf6 24. Rab1 Kg7 25. Rb6 Rac8 26. Nf1 Rh8 27. f4 exf3 28. gxf3 c5 29. f4 Qh5 30. dxc5 d4 31. Rxe6 Qh1+ 32. Kf2 fxe6 33. exd4 Rcd8 34. Qd2 Qe4 35. Rd1 Rhf8 36. Qe2 Qf5 37. Ne3 Qe4 38. Qf3 Qxf3+ 39. Kxf3 Rb8 40. Ke4 Rb3 41. Rd3 Kh7 42. Ng4 Bg7 43. Ne5 Rc8 44. g4 g5 45. fxg5 Kg8 46. g6 Rb1 47. Nf7 Rg1 48. g5 Rh1 49. Bd2 Rh2 50. Bf4 Rc2 51. Nh6+ Kf8 52. Bd6+ Ke8 53. Ng4 Re2+ 54. Kf3 Re1 55. Kf2 Rh1 56. Nf6+ Kd8 57. Rb3 Rb1 1-0

[Event "Norway Eliteserien 2023-24"]
[Site "Oslo"]
[Date "2024.02.02"]
[Round "4.54"]
[White "Fossan, Aleksander"]
[Black "Aulin-Jansson, Joran"]
[Result "1-0"]
[ECO "C47"]
[WhiteElo "2133"]
[BlackElo "2102"]
[Annotator "ChessBase"]
[PlyCount "145"]
[EventDate "2023.10.27"]
[EventType "team-tourn"]
[EventCountry "NOR"]
[SourceTitle "playchess.com"]
[Source "ChessBase"]
[SourceQuality "1"]
[TimeControl "40/5400+30:1800+30"]

1. e4 e5 2. Nf3 Nc6 3. Nc3 Nf6 4. d4 exd4 5. Nxd4 Bb4 6. Nxc6 dxc6 7. Qxd8+ Kxd8 8. Bg5 h6 9. Bxf6+ gxf6 10. O-O-O+ Ke7 11. Ne2 Be6 12. a3 Bc5 13. Nd4 Rad8 14. c3 Rd6 15. Nf5+ Bxf5 16. exf5 Bxf2 17. Be2 Rhd8 18. Kc2 Be3 19. Rd3 Bf4 20. g3 Be5 21. Rhd1 c5 22. Bf3 c6 23. Rxd6 Bxd6 24. Re1+ Kd7 25. Bh5 Rf8 26. Re4 b5 27. Rg4 c4 28. Rg7 Be5 29. Bxf7 Kd6 30. Be6 a5 31. Rh7 Kc5 32. Rxh6 Rd8 33. Rh4 Rd3 34. Re4 Rf3 35. Re2 Kd6 36. Rd2+ Kc5 37. Rg2 Kd6 38. Kd2 Rd3+ 39. Kc2 Kc5 40. Re2 Rf3 41. Rg2 Bd6 42. Rd2 Bf8 43. Kb1 a4 44. Rg2 Rf1+ 45. Ka2 Bh6 46. h4 Rh1 47. Bf7 Kb6 48. Be6 Bf8 49. Bf7 Kc7 50. Be8 Bd6 51. h5 Rh3 52. g4 Bf4 53. Bf7 Bg5 54. Be8 Re3 55. Bf7 Kd6 56. Rh2 Bh6 57. Rg2 Re4 58. Bg6 Ke7 59. Bh7 Kf7 60. Bg6+ Kg7 61. Kb1 Re1+ 62. Ka2 Bg5 63. Rc2 Kh6 64. Rg2 Bf4 65. Bf7 Kg7 66. Be6 Rd1 67. Re2 Rd8 68. Re4 Be5 69. g5 Rd2 70. Rxe5 fxe5 71. f6+ Kh8 72. g6 Rg2 73. f7 1-0

[Event "Norway Eliteserien 2023-24"]
[Site "Oslo"]
[Date "2024.02.02"]
[Round "4.55"]
[White "Asker-V. Strand"]
[Black "Fiskaaen, Martin Holten"]
[Result "1/2-1/2"]
[ECO "B52"]
[WhiteElo "2094"]
[BlackElo "2154"]
[Annotator "ChessBase"]
[PlyCount "85"]
[EventDate "2023.10.27"]
[EventType "team-tourn"]
[EventCountry "NOR"]
[SourceTitle "playchess.com"]
[Source "ChessBase"]
[SourceQuality "1"]
[TimeControl "40/5400+30:1800+30"]

1. e4 c5 2. Nf3 d6 3. Bb5+ Bd7 4. Bxd7+ Nxd7 5. c4 Ngf6 6. Nc3 Rc8 7. O-O e6 8. b3 Ne5 9. d3 Be7 10. Be3 O-O 11. d4 cxd4 12. Nxd4 a6 13. Rc1 Qa5 14. Qd2 Rfe8 15. f3 Qc7 16. Rfd1 Ned7 17. Kh1 Bf8 18. Bf2 Red8 19. Na4 Nc5 20. Nc3 Ncd7 21. Na4 Nc5 22. Nc3 h6 23. Bg3 Ncd7 24. Na4 Nh5 25. Bf2 Nc5 26. Nc3 Be7 27. Be3 Nf6 28. Bf2 Ncd7 29. Na4 Nc5 30. Nc3 Bf8 31. Bg3 Nh5 32. Bf2 Kh8 33. Be3 Nf6 34. Bf2 Ncd7 35. Na4 Nc5 36. Nc3 Qa5 37. Be3 Ncd7 38. Kg1 Re8 39. Nce2 Qc7 40. Nc3 Qa5 41. Nce2 Qc7 42. Nc3 Qa5 43. Nce2 1/2-1/2

[Event "Norway Eliteserien 2023-24"]
[Site "Oslo"]
[Date "2024.02.02"]
[Round "4.56"]
[White "Hestholm, Gustav"]
[Black "Diesen, Bruce"]
[Result "1-0"]
[ECO "B90"]
[WhiteElo "1942"]
[BlackElo "2065"]
[Annotator "ChessBase"]
[PlyCount "141"]
[EventDate "2023.10.27"]
[EventType "team-tourn"]
[EventCountry "NOR"]
[SourceTitle "playchess.com"]
[Source "ChessBase"]
[SourceQuality "1"]
[TimeControl "40/5400+30:1800+30"]

1. e4 c5 2. Nf3 d6 3. d4 cxd4 4. Nxd4 Nf6 5. Nc3 a6 6. Be3 e5 7. Nb3 Be6 8. f3 Be7 9. Qd2 O-O 10. O-O-O Nbd7 11. g4 b5 12. g5 b4 13. gxf6 bxc3 14. Qxc3 Nxf6 15. Na5 Rc8 16. Nc6 Qe8 17. Nxe7+ Qxe7 18. Qa5 Rc6 19. Kb1 Rfc8 20. c3 Nh5 21. Bd3 Qf6 22. Rhf1 Nf4 23. Bxf4 Qxf4 24. Bc2 Rb8 25. Qa3 Qf6 26. Ka1 Qe7 27. Rf2 Qc7 28. Rfd2 Rd8 29. Bb3 Rc5 30. Bxe6 fxe6 31. Qxa6 Rc6 32. Qd3 Ra8 33. Rc2 Rca6 34. b3 Qa7 35. Qe2 Ra3 36. Rb2 Qb6 37. Qc4 Kf7 38. Qb4 Qa7 39. Rdd2 Qe3 40. Rd1 Qxf3 41. Qxd6 Qxc3 42. Kb1 h6 43. Qd3 Qxd3+ 44. Rxd3 R3a7 45. Rf2+ Ke7 46. Rg2 g5 47. Rh3 Rd7 48. Rxh6 Rd4 49. Re2 g4 50. Rg6 Rd1+ 51. Kb2 Rg1 52. Rg7+ Kf6 53. Rc7 Rh8 54. a4 Kg5 55. b4 Rh3 56. a5 Rd1 57. Rc3 Kf4 58. Rxh3 gxh3 59. b5 Rd4 60. Kb3 Kf3 61. Rc2 Kxe4 62. a6 Rd3+ 63. Kb4 Rd8 64. a7 Kd3 65. Rc3+ Kd4 66. Rxh3 e4 67. b6 e3 68. Rxe3 Kxe3 69. b7 Rd4+ 70. Kc5 Rd5+ 71. Kc6 1-0

[Event "Norway Eliteserien 2023-24"]
[Site "Oslo"]
[Date "2024.02.04"]
[Round "5.11"]
[White "Kvaloy, Aksel Bu"]
[Black "Amar, Elham"]
[Result "1/2-1/2"]
[ECO "B13"]
[WhiteElo "2443"]
[BlackElo "2567"]
[Annotator "ChessBase"]
[PlyCount "107"]
[EventDate "2023.10.27"]
[EventType "team-tourn"]
[EventCountry "NOR"]
[SourceTitle "playchess.com"]
[Source "ChessBase"]
[SourceQuality "1"]
[TimeControl "40/5400+30:1800+30"]

1. e4 c6 2. d4 d5 3. exd5 cxd5 4. Bd3 Nf6 5. h3 Nc6 6. c3 g6 7. Nf3 Bf5 8. O-O Bxd3 9. Qxd3 e6 10. Bf4 Bd6 11. Bh6 Bf8 12. Bf4 Bd6 13. Bh6 Nh5 14. Nbd2 Bf4 15. Bxf4 Nxf4 16. Qe3 Nh5 17. Nb3 O-O 18. Nc5 Qe7 19. Rae1 Ng7 20. Ne5 Nxe5 21. Qxe5 Rae8 22. Nd3 Nf5 23. Re2 f6 24. Qh2 b6 25. Rfe1 Qd7 26. h4 Re7 27. g4 Nd6 28. f3 Nf7 29. Kf2 e5 30. dxe5 fxe5 31. Nxe5 Nxe5 32. Rxe5 Ref7 33. R1e3 d4 34. cxd4 Qxg4 35. Qg3 Qxd4 36. h5 Qxb2+ 37. Re2 Qc3 38. R2e3 Qd2+ 39. Re2 Qf4 40. R2e3 Qxg3+ 41. Kxg3 Kg7 42. hxg6 hxg6 43. a4 Rf5 44. a5 bxa5 45. Rxf5 Rxf5 46. Re7+ Kf6 47. Rxa7 g5 48. Ra6+ Ke7 49. Kg4 Rb5 50. f4 gxf4 51. Kxf4 Kd7 52. Ke4 Rh5 53. Kd3 a4 54. Rxa4 1/2-1/2

[Event "Norway Eliteserien 2023-24"]
[Site "Oslo"]
[Date "2024.02.04"]
[Round "5.12"]
[White "Agdestein, Simen"]
[Black "Gjestemoen-VonHirsch, Andre"]
[Result "1-0"]
[ECO "D93"]
[WhiteElo "2559"]
[BlackElo "2309"]
[Annotator "ChessBase"]
[PlyCount "55"]
[EventDate "2023.10.27"]
[EventType "team-tourn"]
[EventCountry "NOR"]
[SourceTitle "playchess.com"]
[Source "ChessBase"]
[SourceQuality "1"]
[TimeControl "40/5400+30:1800+30"]

1. c4 g6 2. d4 Nf6 3. Nc3 d5 4. Bf4 Bg7 5. e3 O-O 6. Nf3 c5 7. dxc5 Qa5 8. Rc1 Rd8 9. Qa4 Qxc5 10. b4 Qc6 11. Qb3 dxc4 12. Bxc4 Qe8 13. Bc7 Rd7 14. Ne5 e6 15. Nxd7 Bxd7 16. b5 Qe7 17. O-O Be8 18. Bg3 Nbd7 19. Rfd1 Qc5 20. Be2 Qg5 21. h4 Qf5 22. e4 Nxe4 23. Nxe4 Qxe4 24. Bf3 Qf5 25. Bxb7 Rd8 26. Qd3 Bf6 27. Qxf5 gxf5 28. Bc7 1-0

[Event "Norway Eliteserien 2023-24"]
[Site "Oslo"]
[Date "2024.02.04"]
[Round "5.13"]
[White "Shehzad, Shazil"]
[Black "Hauge, Lars Oskar"]
[Result "1/2-1/2"]
[ECO "B31"]
[WhiteElo "2265"]
[BlackElo "2486"]
[Annotator "ChessBase"]
[PlyCount "78"]
[EventDate "2023.10.27"]
[EventType "team-tourn"]
[EventCountry "NOR"]
[SourceTitle "playchess.com"]
[Source "ChessBase"]
[SourceQuality "1"]
[TimeControl "40/5400+30:1800+30"]

1. e4 c5 2. Nf3 Nc6 3. Bb5 g6 4. O-O Bg7 5. d3 d6 6. a3 Bd7 7. h3 Nf6 8. Be3 O-O 9. Qd2 Nd4 10. Bxd4 Bxb5 11. Nc3 Bc6 12. Be3 b6 13. Bh6 e5 14. b4 Nh5 15. Bxg7 Kxg7 16. b5 Bb7 17. Nh2 f5 18. f3 Qd7 19. a4 d5 20. exd5 Bxd5 21. Rfe1 Rae8 22. a5 Bb7 23. Qe3 Rf7 24. axb6 axb6 25. Nf1 Nf4 26. Nd2 Qd8 27. Kh2 Qf6 28. Nc4 Nd5 29. Qd2 e4 30. dxe4 Qxc3 31. exd5 Qxd2 32. Nxd2 Rxe1 33. Rxe1 Bxd5 34. c4 Bb7 35. Re6 Rf6 36. Re7+ Rf7 37. Re6 Rf6 38. Re7+ Rf7 39. Re6 Rf6 1/2-1/2

[Event "Norway Eliteserien 2023-24"]
[Site "Oslo"]
[Date "2024.02.04"]
[Round "5.14"]
[White "Mitusov, Semen"]
[Black "Kizatbay, Abyl"]
[Result "1-0"]
[ECO "B90"]
[WhiteElo "2487"]
[BlackElo "2172"]
[Annotator "ChessBase"]
[PlyCount "63"]
[EventDate "2023.10.27"]
[EventType "team-tourn"]
[EventCountry "NOR"]
[SourceTitle "playchess.com"]
[Source "ChessBase"]
[SourceQuality "1"]
[TimeControl "40/5400+30:1800+30"]

1. e4 c5 2. Nf3 d6 3. d4 cxd4 4. Nxd4 Nf6 5. Nc3 a6 6. a4 e5 7. Nf3 Qc7 8. Bg5 Nbd7 9. Nd2 h6 10. Be3 Nc5 11. Nc4 Be6 12. Nd5 Nxd5 13. exd5 Bf5 14. a5 Be7 15. Nb6 Rd8 16. b4 Ne4 17. c4 Bg5 18. Bd3 Bxe3 19. fxe3 Bh7 20. Qa4+ Ke7 21. Qc2 Nf6 22. Bxh7 Rxh7 23. O-O g6 24. Rac1 Nd7 25. c5 Nxb6 26. axb6 Qb8 27. e4 Kf8 28. Rf6 Kg7 29. Qf2 Kg8 30. h3 h5 31. Rc2 h4 32. c6 1-0

[Event "Norway Eliteserien 2023-24"]
[Site "Oslo"]
[Date "2024.02.04"]
[Round "5.15"]
[White "Fossan, Aleksander"]
[Black "Getz, Nicolai"]
[Result "0-1"]
[ECO "B07"]
[WhiteElo "2133"]
[BlackElo "2352"]
[Annotator "ChessBase"]
[PlyCount "140"]
[EventDate "2023.10.27"]
[EventType "team-tourn"]
[EventCountry "NOR"]
[SourceTitle "playchess.com"]
[Source "ChessBase"]
[SourceQuality "1"]
[TimeControl "40/5400+30:1800+30"]

1. e4 d6 2. d4 Nf6 3. Nc3 e5 4. dxe5 dxe5 5. Qxd8+ Kxd8 6. f4 Bd6 7. Nf3 Nbd7 8. fxe5 Nxe5 9. Bg5 h6 10. Bxf6+ gxf6 11. O-O-O Ng4 12. Rd2 Bd7 13. g3 Bc5 14. Nd1 Ke7 15. Nh4 Bc6 16. Nf5+ Kf8 17. Bg2 Re8 18. h3 Ne5 19. Nde3 Rg8 20. Nd5 Nc4 21. Nxf6 Rg6 22. Nd7+ Bxd7 23. Rxd7 Ne3 24. Bf3 Nxf5 25. exf5 Rxg3 26. Bxb7 Re7 27. Rd5 Be3+ 28. Kb1 Kg7 29. Ba6 Kf6 30. Bd3 Bg1 31. a4 Re5 32. Rd7 Re7 33. Rd8 a5 34. Rh8 Be3 35. Ra8 Bb6 36. Rh8 Be3 37. Ka2 Rd7 38. Re8 Rd4 39. b3 Rh4 40. Bf1 Bb6 41. Rd8 Re3 42. Rd3 Re1 43. Rf3 Rd4 44. Bg2 Re2 45. Rg3 Rxc2+ 46. Kb1 Rdd2 47. Be4 Rb2+ 48. Kc1 Bc5 49. Rd1 Re2 50. Bd3 Rh2 51. Rh1 Rhf2 52. Rf1 Rxb3 53. Rxf2 Bxf2 54. Rf3 Bd4 55. Kc2 Ra3 56. Rf4 c5 57. Rh4 Ke5 58. Rxh6 c4 59. Be2 Ra2+ 60. Kd1 c3 61. Rc6 Rxa4 62. Bd3 Ra1+ 63. Kc2 a4 64. Ra6 Ra2+ 65. Kc1 Be3+ 66. Kb1 Rb2+ 67. Ka1 Rd2 68. Ra5+ Kd4 69. Bb1 c2 70. Rxa4+ Ke5 0-1

[Event "Norway Eliteserien 2023-24"]
[Site "Oslo"]
[Date "2024.02.04"]
[Round "5.16"]
[White "Melaa, Sondre"]
[Black "Fiskaaen, Martin Holten"]
[Result "1-0"]
[ECO "B67"]
[WhiteElo "2270"]
[BlackElo "2154"]
[Annotator "ChessBase"]
[PlyCount "91"]
[EventDate "2023.10.27"]
[EventType "team-tourn"]
[EventCountry "NOR"]
[SourceTitle "playchess.com"]
[Source "ChessBase"]
[SourceQuality "1"]
[TimeControl "40/5400+30:1800+30"]

1. e4 c5 2. Nf3 d6 3. d4 cxd4 4. Nxd4 Nf6 5. Nc3 Nc6 6. Bg5 e6 7. Qd2 a6 8. O-O-O Bd7 9. Kb1 Nxd4 10. Qxd4 Be7 11. Rg1 O-O 12. f4 Rc8 13. e5 dxe5 14. fxe5 Nd5 15. Bxe7 Qxe7 16. Ne4 Rcd8 17. Be2 Bc6 18. Bf3 f6 19. Qc5 Qxc5 20. Nxc5 Kf7 21. exf6 gxf6 22. Rge1 e5 23. c4 Nb6 24. b3 Bxf3 25. gxf3 Rxd1+ 26. Rxd1 Rb8 27. Rd6 Na8 28. Ne4 Rg8 29. Rxf6+ Ke7 30. Rh6 Rg1+ 31. Kc2 Rg7 32. Kd3 Nc7 33. Rh5 Rg2 34. Rxh7+ Kd8 35. Nc5 b6 36. Nb7+ Kc8 37. Nd6+ Kb8 38. h4 Rxa2 39. h5 Rb2 40. h6 Rxb3+ 41. Ke4 Ne6 42. Kd5 Ng5 43. Rg7 Rd3+ 44. Kc6 Ne6 45. Rg8+ Ka7 46. h7 1-0

[Event "Norway Eliteserien 2023-24"]
[Site "Oslo"]
[Date "2024.02.04"]
[Round "5.21"]
[White "Yilmaz, Muhammet Mustafa"]
[Black "Hillarp Persson, Tiger"]
[Result "1-0"]
[ECO "D35"]
[WhiteElo "1670"]
[BlackElo "2476"]
[Annotator "ChessBase"]
[PlyCount "97"]
[EventDate "2023.10.27"]
[EventType "team-tourn"]
[EventCountry "NOR"]
[SourceTitle "playchess.com"]
[Source "ChessBase"]
[SourceQuality "1"]
[TimeControl "40/5400+30:1800+30"]

1. d4 Nf6 2. c4 e6 3. Nf3 d5 4. Nc3 Nbd7 5. cxd5 exd5 6. Bg5 c6 7. e3 h6 8. Bh4 g5 9. Bg3 Nh5 10. Bd3 Nxg3 11. hxg3 Bg7 12. O-O O-O 13. Rc1 Qe7 14. Bb1 Nb6 15. Qc2 f5 16. g4 Nc4 17. Ne2 h5 18. gxh5 g4 19. Ne1 Bh6 20. g3 Re8 21. Ng2 Qb4 22. Nh4 Re4 23. b3 Nd6 24. Qc5 Qxc5 25. dxc5 Nf7 26. Nd4 Rxd4 27. exd4 Bxc1 28. Rxc1 Ng5 29. Bxf5 Bxf5 30. Nxf5 Re8 31. Kf1 Kh7 32. Nd6 Re7 33. Re1 Ne4 34. Nxe4 dxe4 35. Ke2 Rf7 36. Kf1 Re7 37. Ke2 Rf7 38. Rh1 Rf3 39. Rh4 e3 40. fxe3 Rxg3 41. Kd3 Kh6 42. Ke4 a5 43. a4 Rg1 44. Kf4 g3 45. Rg4 g2 46. Kf3 Kxh5 47. Rxg2 Rb1 48. Rg8 Rxb3 49. Ra8 1-0

[Event "Norway Eliteserien 2023-24"]
[Site "Oslo"]
[Date "2024.02.04"]
[Round "5.22"]
[White "Ostenstad, Berge"]
[Black "Romanov, Evgeny"]
[Result "0-1"]
[ECO "D25"]
[WhiteElo "2426"]
[BlackElo "2593"]
[Annotator "ChessBase"]
[PlyCount "90"]
[EventDate "2023.10.27"]
[EventType "team-tourn"]
[EventCountry "NOR"]
[SourceTitle "playchess.com"]
[Source "ChessBase"]
[SourceQuality "1"]
[TimeControl "40/5400+30:1800+30"]

1. Nf3 d5 2. d4 Nf6 3. c4 dxc4 4. e3 b5 5. a4 b4 6. Bxc4 e6 7. b3 Bb7 8. Bb2 Nbd7 9. O-O c5 10. Nbd2 cxd4 11. Bxd4 Bc5 12. Bb2 O-O 13. a5 a6 14. Be2 Qe7 15. Nc4 Rfd8 16. Qc2 Ba7 17. Rfd1 Rac8 18. Rac1 Nd5 19. Qb1 Nc5 20. Bd4 f6 21. Ncd2 Nc7 22. Nf1 Nb5 23. Bxb5 axb5 24. Ng3 Bd5 25. Ne1 f5 26. Qb2 Qf7 27. Bxc5 Bxc5 28. Nd3 Bd6 29. Ne2 Ra8 30. Ndf4 Bb7 31. Rd2 e5 32. Nd3 Qg6 33. Ne1 Rxa5 34. Qxe5 Ra2 35. Rxd6 Qxd6 36. Qxd6 Rxd6 37. Nd4 f4 38. Rc7 fxe3 39. fxe3 Be4 40. Re7 Bxg2 41. Nd3 Bh3 42. Nf4 Bd7 43. h4 Rb2 44. Kf1 Ra6 45. Nfe2 Bg4 0-1

[Event "Norway Eliteserien 2023-24"]
[Site "Oslo"]
[Date "2024.02.03"]
[Round "5.23"]
[White "Kulaots, Kaido"]
[Black "Asker-J. Tisdall"]
[Result "*"]
[ECO "B72"]
[WhiteElo "2525"]
[BlackElo "2381"]
[Annotator "RC"]
[PlyCount "33"]
[EventDate "2023.10.27"]
[EventType "team-tourn"]
[EventCountry "NOR"]
[SourceTitle "playchess.com"]
[Source "ChessBase"]
[SourceQuality "1"]
[TimeControl "40/5400+30:1800+30"]

1. e4 c5 2. Nf3 d6 3. d4 cxd4 4. Nxd4 Nf6 5. Nc3 g6 6. Be3 Nc6 7. f3 h5 8. Bc4 Bd7 9. Bb3 Na5 10. Qd2 Bg7 11. O-O-O a6 12. Rhe1 Rc8 13. Kb1 b5 14. Bg5 O-O 15. h3 Nc4 16. Qd3 Rc5 17. f4 *

[Event "Norway Eliteserien 2023-24"]
[Site "Oslo"]
[Date "2024.02.04"]
[Round "5.23"]
[White "Kulaots, Kaido"]
[Black "Tisdall, Jonathan D"]
[Result "1-0"]
[ECO "B72"]
[WhiteElo "2525"]
[BlackElo "2375"]
[Annotator "ChessBase"]
[PlyCount "59"]
[EventDate "2023.10.27"]
[EventType "team-tourn"]
[EventCountry "NOR"]
[SourceTitle "playchess.com"]
[Source "ChessBase"]
[SourceQuality "1"]
[TimeControl "40/5400+30:1800+30"]

1. e4 c5 2. Nf3 d6 3. d4 cxd4 4. Nxd4 Nf6 5. Nc3 g6 6. Be3 Nc6 7. f3 h5 8. Bc4 Bd7 9. Bb3 Na5 10. Qd2 Bg7 11. O-O-O a6 12. Rhe1 Rc8 13. Kb1 b5 14. Bg5 O-O 15. h3 Nc4 16. Qd3 Rc5 17. f4 Qa8 18. f5 Kh7 19. g4 Rfc8 20. Bc1 Ne5 21. Qe2 Rxc3 22. bxc3 Rxc3 23. gxh5 gxf5 24. Nxf5 Bxf5 25. exf5 Rxh3 26. h6 Bxh6 27. Bxh6 Kxh6 28. Bxf7 Qf3 29. Qd2+ Kg7 30. Rxe5 1-0